 Dungeon Crawl Stone Soup version 0.17.1-3-g152610e (webtiles) character file.

440 kaze the Ruffian (level 6, 0/62 HPs)
             Began as a Troll Berserker on Feb 26, 2016.
             Was a Priest of Trog.
             Slain by F1L1N's ghost (6 damage)
             ... on level 4 of the Dungeon.
             The game lasted 00:07:20 (2903 turns).

kaze the Ruffian (Troll Berserker)                  Turns: 2903, Time: 00:07:20

Health: 0/62       AC:  6    Str: 28    XL:     6   Next: 70%
Magic:  5/5        EV: 11    Int:  3    God:    Trog [***...]
Gold:   140        SH:  0    Dex:  9    Spells: 0 memorised, 5 levels left

rFire  . . .     SeeInvis .     v - +0 war axe
rCold  . . .     Clarity  .     a - +1 animal skin
rNeg   . . .     SustAt   .     (no shield)
rPois  .         Gourm    +     (helmet restricted)
rElec  .         Spirit   .     (no cloak)
rCorr  .         Warding  .     (gloves unavailable)
rMut   .         Stasis   .     (boots unavailable)
MR     .....                    (no amulet)
Stlth  +.........               (no ring)
                                (no ring)

@: exhausted, slowed, very slow, not resistant to hostile enchantments, very
unstealthy
A: unfitting armour, claws 3, fast metabolism 3, gourmand, regeneration 2,
shaggy fur 1, tough skin 2
a: Berserk, Trog's Hand, Burn Spellbooks, Renounce Religion


You were on level 4 of the Dungeon.
You worshipped Trog.
Trog was most pleased with you.
You were full.

You visited 1 branch of the dungeon, and saw 4 of its levels.

You collected 140 gold pieces.

Inventory:

Hand Weapons
 v - a +0 war axe (weapon)
Missiles
 m - 4 tomahawks (quivered)
Armour
 a - a +1 animal skin (worn)
Jewellery
 o - an uncursed ring of stealth
Scrolls
 g - 2 scrolls of teleportation
 l - 3 scrolls of remove curse
 q - a scroll of identify
 r - a scroll of blinking {unknown}
 t - a scroll of fear {unknown}
Potions
 c - 2 potions of agility {unknown}
 d - a potion of magic {unknown}
 e - a potion of flight {unknown}
 f - 2 potions of degeneration {unknown}
 h - a potion of curing {unknown}
 i - a potion of cure mutation {unknown}
 j - a potion of haste {unknown}
 p - 2 potions of might {unknown}
 s - 2 potions of poison {unknown}
Books
 w - a book of Death

   Spells                             Type                      Level
   a - Corpse Rot                     Necromancy                   2
   b - Sublimation of Blood           Necromancy                   2
   c - Agony                          Necromancy                   5
   d - Dispel Undead                  Necromancy                   5
   e - Excruciating Wounds            Charms/Necromancy            5
   f - Bolt of Draining               Conjuration/Necromancy       5
   Trog disapproves of the use of such an item.
Comestibles
 b - 4 bread rations
 k - a meat ration
 n - 4 chunks of flesh
 u - a slice of pizza


   Skills:
 + Level 3.9 Fighting
 + Level 0.2 Axes
 + Level 4.2 Dodging
 - Level 0.5 Stealth
 + Level 4.8 Unarmed Combat


You had 5 spell levels left.
You didn't know any spells.

Dungeon Overview and Level Annotations

Branches:
Dungeon (4/15)             Temple (0/1) D:4

Altars:
Fedhas
Kikubaaqudgha
Yredelemnul

Annotations:
D:4 F1L1N's ghost, novice TrHu


Innate Abilities, Weirdness & Mutations

You are too large for most types of armour.
You have claws for hands.
Your metabolism is lightning-fast.
You like to eat raw meat.
You heal very quickly.
You are covered in fur (AC +1).
You have very tough skin (AC +2).


Message History

F1L1N's ghost is severely damaged.
F1L1N's ghost hits you.
* * * LOW HITPOINT WARNING * * *
F1L1N's ghost barely misses you.
You barely miss F1L1N's ghost.
F1L1N's ghost is severely damaged.
F1L1N's ghost hits you.
* * * LOW HITPOINT WARNING * * *
F1L1N's ghost barely misses you.
You hit F1L1N's ghost but do no damage.
F1L1N's ghost is severely damaged.
F1L1N's ghost hits you.
* * * LOW HITPOINT WARNING * * *
F1L1N's ghost whispers, "Death is liberation."
F1L1N's ghost hits you.
* * * LOW HITPOINT WARNING * * *
F1L1N's ghost closely misses you.
F1L1N's ghost hits you but does no damage.
F1L1N's ghost hits you.
You die...

##################
#....##..........###
##########....##.........?...
......##......##.............
................@W...........
.......P.PP.....P.PPPP.......
.......♣♣♣P..♣♣♣...♣♣♣P..♣♣♣.
.......♣ ♣P..♣ ♣...♣ ...♣
......P♣♣♣...♣♣♣P..♣ ...♣
.........PP...P..)P..


..PPP ...................... .... ........P.P.........P. .......♣♣♣..P♣♣♣P.. You
could see F1L1N's ghost.

Vanquished Creatures
  Grinder (D:3)
  3 orc wizards (D:3)
  2 worker ants (D:4)
  4 adders
  An ooze (D:3)
  3 giant geckos
  4 orcs (D:3)
  2 bats (D:2)
  2 giant cockroaches (D:1)
  2 goblins
  11 hobgoblins
  9 jackals
  8 kobolds
  2 quokkas
  2 ball pythons
  12 giant newts
  4 rats
72 creatures vanquished.

Notes
Turn   | Place    | Note
--------------------------------------------------------------
     0 | D:1      | kaze the Troll Berserker began the quest for the Orb.
     0 | D:1      | Reached XP level 1. HP: 22/22 MP: 0/0
   190 | D:1      | Reached XP level 2. HP: 29/29 MP: 1/1
   692 | D:2      | Reached XP level 3. HP: 36/36 MP: 2/2
   768 | D:2      | Reached ** piety under Trog
   864 | D:2      | Found a blossoming altar of Fedhas.
   875 | D:2      | Found an ancient bone altar of Kikubaaqudgha.
  1518 | D:3      | Noticed Grinder
  1532 | D:3      | Killed Grinder
  1532 | D:3      | Reached skill level 4 in Unarmed Combat
  1532 | D:3      | Reached XP level 4. HP: 45/46 MP: 3/3
  1532 | D:3      | Reached XP level 5. HP: 51/53 MP: 4/4
  1614 | D:3      | Reached XP level 6. HP: 46/61 MP: 5/5
  1708 | D:3      | Found a basalt altar of Yredelemnul.
  2053 | D:3      | Reached *** piety under Trog
  2648 | D:4      | Found a staircase to the Ecumenical Temple.
  2846 | D:4      | Noticed F1L1N's ghost (novice TrHu)
  2898 | D:4      | HP: 2/62 [F1L1N's ghost (6)]
  2903 | D:4      | Slain by F1L1N's ghost

Action                   |  1- 3 |  4- 6 || total
-------------------------+-------+-------++-------
Melee: Unarmed           |   103 |    59 ||   162
       War axe           |       |    63 ||    63
Invok: Berserk           |     1 |     4 ||     5
       Trog's Hand       |       |     1 ||     1
  Use: Scroll            |     3 |     3 ||     6
  Eat: Chunk             |    15 |    20 ||    35
